groovejumper, neutral female human Wizard ------------ ----- |.........)| ###.....#######...........| ###|.qq| ------------ ##q@qq.### .. -.-.- ... # # ... ##### |.. # # --- ############### -----[-------- |......<[)...| |............| |............| -------------- groovejumper the Thaumaturge Experience level: 9 Strength: 13 Dexterity: 15 Constitution: 16 Intelligence: 18 Wisdom: 15 Charisma: 9 Health: 0(55) Energy: 37(110) AC: -2 Gold: 421 Moves: 8690 Your Inventory: Coins $ - 421 gold pieces Weapons a - a blessed +2 quarterstaff (weapon in hands) e - 11 uncursed +0 crossbow bolts of frost q - 16 uncursed +0 darts z - 4 uncursed +0 elven arrows of stealth Armor b - an uncursed +0 cloak of magic resistance (being worn) s - an uncursed +0 pair of jumping boots (being worn) N - an uncursed greased +2 stone dragon scale mail (being worn) O - a cursed greased +2 elven leather helm of brilliance (being worn) Comestibles T - an uncursed clove of garlic X - an uncursed lizard corpse Scrolls x - a cursed scroll of earth G - a [blessed] unlabeled scroll [of blank paper] R - an uncursed scroll of create monster S - an uncursed scroll of identify W - an uncursed scroll of enchant weapon Spellbooks k - a blessed spellbook of force bolt o - an uncursed spellbook of teleport away V - an uncursed spellbook of identify Z - an uncursed spellbook of restore ability Potions f - an uncursed potion of water h - an uncursed potion of water C - an uncursed potion of restore ability J - an uncursed potion of sickness Rings d - an uncursed ring of see invisible Wands c - an uncursed wand of speed monster (0:5) i - a blessed wand of teleportation (0:4) m - an uncursed wand of magic missile (0:6) w - an uncursed wand of magic missile (0:5) E - an uncursed wand of fire (0:4) Tools n - an uncursed tinning kit (0:89) I - 11 [uncursed wax] candles L - an uncursed blindfold Spells known in the end: Name Level Category Fail Memory a - force bolt 1 attack 0% [|||||...] b - wizard lock 2 matter 0% [|||||...] c - sleep 1 enchantment 0% [|||||...] d - identify 3 divination 70% [||||||..] e - restore ability 4 healing 96% [||||||..] f - teleport away 6 escape 100% [|||||||.] g - slow monster 2 enchantment 0% [|||||||.] Your skills at the end: Fighting Skills Weapon Skills quarterstaff [Skilled / Expert] Spellcasting Skills attack spells [Expert / Expert] enchantment spells [Basic / Skilled] Final Attributes: You were piously aligned. Hunger level was 79. Your alignment was 52 / 53. Monster difficulty range was 1 - 9. Level difficulty was 9. You resisted poison. You were magic-protected. You were immune to petrification. You were telepathic. You could jump. Your luck was zero. You are dead. Vanquished creatures: a flaming sphere a shocking sphere a gargoyle 3 tengu a mountain centaur a stone giant an elf mummy 5 Grey-elves a crocodile 4 wolves 2 leprechauns an orc-captain a mumak an orc mummy a brown pudding 5 Green-elves 3 lizards a dog a dwarf lord 2 blue jellies a gnome mummy 2 soldier ants a fire ant 12 bugbears 2 imps a wood nymph a water nymph a mountain nymph 2 rock piercers an enormous rat a rock mole 2 fog clouds 2 yellow lights a shrieker a violet fungus 2 gnome lords a gnomish wizard a kobold mummy a gray ooze a ghoul a straw golem a paper golem 2 wax golems 6 giant ants a floating eye a kitten 2 dwarves a homunculus a kobold lord 3 kobold shamans 7 rothes 2 centipedes 3 dwarf zombies a wererat a werejackal 4 iguanas 9 killer bees 2 coyotes 3 hobbits 2 large kobolds 13 hobgoblins 3 giant rats a yellow mold 9 gnomes 3 garter snakes 3 geckos 3 jackals 3 kobolds 2 goblins 5 sewer rats 5 grid bugs 6 lichens 11 newts 194 creatures vanquished. Voluntary challenges: You used a wielded weapon 150 times. You read items or engraved 43 times. You put on armor 8 times. You never genocided any monsters. You never polymorphed an object. You never changed form. You used 2 wishes. You used 1 wish for magical items. You did not wish for any artifacts. You wrote Elbereth's name 30 times. You never encountered a bones level. You never used any Sokoban shortcuts. Dungeon overview: The Dungeons of Doom: levels 1 to 10 Level 1 a long staircase Level 2 an armor shop Level 3 a potion shop, a fountain stairs to The Gnomish Mines Level 4 a fountain Level 5 a general store Level 6 a sink Level 8 many fountains Level 9 <- You were here The Gnomish Mines: Level 4 stairs to The Dungeons of Doom History has recorded: On T:1 you entered the Dungeons of Doom to retrieve the Amulet of Yendor! On T:587 you advanced to experience level 2. On T:903 you reached level 3 of The Dungeons of Doom. On T:916 you advanced to experience level 3. On T:1053 you reached level 1 of The Gnomish Mines. On T:1181 you advanced to experience level 4. On T:1354 you reached level 4 of The Dungeons of Doom. On T:1721 you reached level 5 of The Dungeons of Doom. On T:1996 you advanced to experience level 5. On T:2224 you wished for "blessed greased fixed +2 gold dragon scales of reflection". On T:2232 you wished for "blessed greased fixed +2 elven leather helm of brilliance". On T:2613 you reached level 6 of The Dungeons of Doom. On T:2713 you advanced to experience level 6. On T:2726 you advanced to experience level 7. On T:3601 you advanced to experience level 8. On T:4674 you reached level 7 of The Dungeons of Doom. On T:5123 you advanced to experience level 9. On T:5444 you reached level 8 of The Dungeons of Doom. On T:5850 you reached level 9 of The Dungeons of Doom. Latest messages: The spell misses the mumak. The rothe misses. The rothe bites! The rothe misses. [HP-1=49] The spell misses the mumak. The mumak butts! The mumak misses. The rothe hits! The rothe bites! (2x) The rothe hits! The rothe misses. The rothe bites! [HP-43=6] The spell hits the mumak! The mumak butts! You die... Final status: Goodbye groovejumper the Wizard... You died in The Dungeons of Doom on dungeon level 9 with 12025 points, and 421 pieces of gold, after 8690 moves. You were level 9 with a maximum of 55 hit points when you died.